[Event "BL 1314 Hamburger SK - SV Mülheim Nord"]
[Site "?"]
[Date "2014.02.09"]
[Round "8.2"]
[White "Van Kampen, Robin"]
[Black "Landa, Konstantin"]
[Result "1/2-1/2"]
[ECO "C42"]
[WhiteElo "2610"]
[BlackElo "2637"]
[PlyCount "73"]
[EventDate "2014.??.??"]
[TimeControl "120+23"]
[WhiteClock "0:00:21"]
[BlackClock "0:00:13"]

1. e4 e5 2. Nf3 Nf6 3. Nxe5 d6 4. Nf3 Nxe4 5. Nc3 Nxc3 6. dxc3 Be7 7. Be3 O-O
8. Qd2 Qe8 9. O-O-O Qa4 10. Kb1 Nc6 11. Bd3 Be6 12. b3 Qa5 13. Rhe1 Bf6 14. Nd4
Bd5 15. Bf1 Rfe8 16. f3 h6 17. a4 a6 18. Kb2 Ne7 19. Ne2 Nf5 20. Bf2 Bc6 21.
Nd4 Nxd4 22. Bxd4 Bxd4 23. Qxd4 Qh5 24. h3 Qg5 25. Qf2 a5 26. Bd3 Kf8 27. Bc4
Qf6 28. Qd4 Qxd4 29. cxd4 g5 30. Kc3 Rxe1 31. Rxe1 Re8 32. Rxe8+ Kxe8 33. Bb5
Bxb5 34. axb5 d5 35. b4 axb4+ 36. Kxb4 b6 37. g4 1/2-1/2

[Event "BL 1314 Hamburger SK - SV Mülheim Nord"]
[Site "?"]
[Date "2014.02.09"]
[Round "8.3"]
[White "Fridman, Daniel"]
[Black "Ernst, Sipke"]
[Result "1-0"]
[ECO "D23"]
[WhiteElo "2607"]
[BlackElo "2575"]
[PlyCount "79"]
[EventDate "2014.??.??"]
[TimeControl "120+22"]
[WhiteClock "0:00:12"]
[BlackClock "0:00:01"]

1. d4 d5 2. Nf3 c6 3. c4 Nf6 4. Qc2 dxc4 5. Qxc4 Bg4 6. Nc3 Nbd7 7. e4 Bxf3 8.
gxf3 e5 9. Be3 exd4 10. Bxd4 Bd6 11. O-O-O Qe7 12. Be3 Ne5 13. Qd4 Bc7 14. f4
Ng6 15. e5 Ng4 16. Qe4 Bb6 17. Bxb6 axb6 18. Rd2 Qc5 19. Qf3 Nh6 20. Bd3 Rxa2
21. Bxg6 hxg6 22. b4 Ra1+ 23. Kb2 Qxc3+ 24. Qxc3 Rxh1 25. e6 fxe6 26. Qxg7 Nf7
27. Qxg6 Re1 28. f5 exf5 29. Qxf5 Kf8 30. Qc8+ Re8 31. Qxb7 Ne5 32. Kc2 Rxh2
33. Qxb6 Kf7 34. Qe3 Rh4 35. f4 Ng6 36. Rd7+ Re7 37. f5 Kf8 38. Rd8+ Kg7 39.
Qg3 Re2+ 40. Kd1 1-0

[Event "BL 1314 Hamburger SK - SV Mülheim Nord"]
[Site "?"]
[Date "2014.02.09"]
[Round "8.4"]
[White "Kempinski, Robert"]
[Black "Tregubov, Pavel V"]
[Result "1/2-1/2"]
[ECO "D94"]
[WhiteElo "2594"]
[BlackElo "2629"]
[PlyCount "142"]
[EventDate "2014.??.??"]
[TimeControl "120+24"]
[WhiteClock "0:00:19"]
[BlackClock "0:00:14"]

1. d4 d5 2. c4 c6 3. e3 Nf6 4. Nf3 g6 5. Nc3 Bg7 6. Bd3 O-O 7. O-O dxc4 8. Bxc4
Bg4 9. h3 Bxf3 10. Qxf3 Nbd7 11. Rd1 e5 12. d5 e4 13. Nxe4 Nxe4 14. Qxe4 Nb6
15. Bb3 cxd5 16. Qb4 Qc7 17. Bxd5 Nxd5 18. Rxd5 Rfd8 19. e4 Rxd5 20. exd5 Qd7
21. d6 a5 22. Qa3 Be5 23. Bh6 Qxd6 24. Qxd6 Bxd6 25. Rd1 Ra6 26. Rd5 f6 27. Be3
a4 28. Rb5 a3 29. Rxb7 axb2 30. Rxb2 Be5 31. Rd2 Kf7 32. Rd7+ Ke6 33. Ra7 Rd6
34. Kf1 Bd4 35. Ra3 Bxe3 36. Rxe3+ Kf5 37. a4 Ra6 38. Ra3 Ra5 39. Ke2 Ke4 40.
g4 Kd4 41. Kf3 h5 42. Kg3 hxg4 43. hxg4 Ke4 44. Rf3 Ke5 45. Rf4 Rc5 46. Rf3 Ra5
47. Ra3 Ke4 48. Ra1 g5 49. Ra3 Ke5 50. Kf3 Kd4 51. Ra1 Kc3 52. Rc1+ Kd4 53. Rc6
Ke5 54. Rc4 f5 55. gxf5 Kxf5 56. Ke3 Re5+ 57. Kd2 Kg6 58. Rc3 g4 59. Ra3 Rf5
60. Ke2 Ra5 61. Kd3 Kf5 62. Kc4 Ke6 63. Ra2 Kd6 64. Kd4 Rg5 65. Ra1 g3 66. f4
Rg4 67. Ke4 g2 68. Rg1 Rg3 69. Kf5 Ke7 70. a5 Kf7 71. a6 Ra3 1/2-1/2

[Event "BL 1314 Hamburger SK - SV Mülheim Nord"]
[Site "?"]
[Date "2014.02.09"]
[Round "8.5"]
[White "Hausrath, Daniel"]
[Black "Svane, Rasmus"]
[Result "1/2-1/2"]
[ECO "A11"]
[WhiteElo "2518"]
[BlackElo "2469"]
[PlyCount "91"]
[EventDate "2014.??.??"]
[TimeControl "120+21"]
[WhiteClock "0:00:11"]
[BlackClock "0:00:30"]

1. Nf3 d5 2. g3 c6 3. Bg2 Bf5 4. d3 h6 5. O-O e6 6. c4 dxc4 7. dxc4 Qxd1 8.
Rxd1 Nf6 9. Be3 Nbd7 10. Nc3 Ng4 11. Bd2 Bc5 12. Be1 O-O-O 13. Nd4 Bg6 14. Na4
Be7 15. Ba5 Rde8 16. h3 Ngf6 17. Rac1 Nc5 18. Nxc5 Bxc5 19. Nb3 Bb6 20. c5 Bc7
21. Bxc7 Kxc7 22. Na5 Rd8 23. a3 Be4 24. Nc4 Bxg2 25. Kxg2 Rxd1 26. Rxd1 Nd7
27. b4 b6 28. cxb6+ axb6 29. a4 Rb8 30. b5 cxb5 31. axb5 f6 32. Rd6 Ne5 33.
Rxe6 Nxc4 34. Rc6+ Kd7 35. Rxc4 Re8 36. Rc6 Re6 37. Rc2 Re5 38. Rb2 Kd6 39. f4
Re3 40. Rc2 Kd7 41. Ra2 g5 42. Ra7+ Kd6 43. Rf7 Ke6 44. Rb7 gxf4 45. Rxb6+ Kf5
46. gxf4 1/2-1/2

[Event "BL 1314 Hamburger SK - SV Mülheim Nord"]
[Site "?"]
[Date "2014.02.09"]
[Round "8.6"]
[White "Ftacnik, Lubomir"]
[Black "Feygin, Michael"]
[Result "1/2-1/2"]
[ECO "D37"]
[WhiteElo "2536"]
[BlackElo "2496"]
[PlyCount "73"]
[EventDate "2014.??.??"]
[TimeControl "120+24"]
[WhiteClock "0:00:07"]
[BlackClock "0:00:01"]

1. d4 e6 2. Nf3 Nf6 3. c4 d5 4. Nc3 Be7 5. Bf4 O-O 6. e3 c5 7. dxc5 Bxc5 8.
cxd5 Nxd5 9. Nxd5 Qxd5 10. Qxd5 exd5 11. Bd3 Nc6 12. O-O Be6 13. Rac1 Bb6 14.
a3 d4 15. Ng5 h6 16. Nxe6 fxe6 17. Bc4 Rf6 18. Rfe1 Kh8 19. Bg3 dxe3 20. fxe3
Rd8 21. Rc2 Ne7 22. Bh4 g5 23. Bg3 Ng6 24. Rf2 Kg7 25. h3 h5 26. Rxf6 Kxf6 27.
Kh1 h4 28. Rf1+ Kg7 29. Be1 Bxe3 30. Bxe6 Nf4 31. Bg4 Kg6 32. g3 hxg3 33. Bxg3
Rd2 34. b4 Rd3 35. Rd1 Rxd1+ 36. Bxd1 Nxh3 37. Kg2 1/2-1/2

[Event "BL 1314 Hamburger SK - SV Mülheim Nord"]
[Site "?"]
[Date "2014.02.09"]
[Round "8.7"]
[White "Levin, Felix"]
[Black "Heinemann, Thies"]
[Result "1/2-1/2"]
[ECO "E33"]
[WhiteElo "2489"]
[BlackElo "2459"]
[PlyCount "83"]
[EventDate "2014.??.??"]
[TimeControl "120+27"]
[WhiteClock "0:00:04"]
[BlackClock "0:00:03"]

1. d4 Nf6 2. c4 e6 3. Nc3 Bb4 4. Qc2 Nc6 5. Nf3 d6 6. Bd2 O-O 7. a3 Bxc3 8.
Bxc3 Qe7 9. e3 a5 10. Bd3 e5 11. d5 Nd8 12. Nd2 c6 13. dxc6 bxc6 14. O-O c5 15.
Ne4 Ne8 16. Ng3 g6 17. f4 f5 18. e4 exf4 19. Ne2 g5 20. exf5 Qf7 21. h4 Bxf5
22. hxg5 Ne6 23. Ng3 Bxd3 24. Qxd3 Nxg5 25. Bd2 Ne6 26. Ne2 Qg6 27. Qxg6+ hxg6
28. Nxf4 Nxf4 29. Rxf4 Rxf4 30. Bxf4 Rb8 31. Re1 Kf7 32. Re2 a4 33. Kf2 Rb7 34.
Ke1 Re7 35. Rxe7+ Kxe7 36. Kd2 Kd7 37. b3 axb3 38. Kc3 Kc6 39. Kxb3 Ng7 40. Kc3
Nf5 41. Kd3 d5 42. cxd5+ 1/2-1/2

[Event "BL 1314 Hamburger SK - SV Mülheim Nord"]
[Site "?"]
[Date "2014.02.09"]
[Round "8.8"]
[White "Berger, Steve"]
[Black "Saltaev, Mihail"]
[Result "1/2-1/2"]
[ECO "B11"]
[WhiteElo "2418"]
[BlackElo "2493"]
[PlyCount "54"]
[EventDate "2014.??.??"]
[TimeControl "120+33"]
[WhiteClock "0:00:57"]
[BlackClock "0:00:27"]

1. e4 c6 2. Nf3 d5 3. Nc3 Bg4 4. h3 Bxf3 5. Qxf3 e6 6. Be2 Nd7 7. d4 Qb6 8. Qd3
dxe4 9. Nxe4 Ngf6 10. O-O Nxe4 11. Qxe4 Nf6 12. Qd3 Rd8 13. Rd1 Be7 14. Qb3 O-O
15. Qxb6 axb6 16. c4 Ne4 17. Be3 Bg5 18. a4 Bxe3 19. fxe3 Ra8 20. Bd3 Nf6 21.
b4 Ra7 22. a5 Rfa8 23. Rab1 bxa5 24. bxa5 Rb8 25. Ra1 Rba8 26. Rab1 Rb8 27. Ra1
Rba8 1/2-1/2